MID
DAYTON DRAGONS @ SOUTH BEND CUBS
05/11/2048
 
TOP OF THE 1ST
Dayton Dragons batting - Pitching for South Bend Cubs : RHP Melvin Orengo
Pitching: RHP Melvin Orengo
Batting: LHB Matt Kennedy 0-0: Ball
1-0: Ball
2-0: Called Strike
2-1: Foul Ball, location: 2F
2-2: Ball
3-2: Fly out, F7 (Flyball, 7, EV 80.0 MPH)
Batting: LHB Leo Gomez 0-0: Ball
1-0: Ball
2-0: Called Strike
2-1: Ball
3-1: Base on Balls
Batting: RHB Andy Bachman 0-0: Ball
1-0: Ball
2-0: Swinging Strike
2-1: Ball
3-1: Base on Balls
Leo Gomez to second
Batting: LHB Chris Redhead 0-0: Ball
1-0: Ball
Leo Gomez steals 3rd base
Andy Bachman to second
2-0: Swinging Strike
2-1: Ball
3-1: Foul Ball, location: 2F
3-2: Base on Balls
Batting: RHB Mark Williams 0-0: Ball
1-0: Ball
2-0: Swinging Strike
2-1: Ball
3-1: Foul Ball, location: 2F
3-2: Base on Balls
Leo Gomez scores
Andy Bachman to third
Chris Redhead to second
Batting: LHB Ray Walden 0-0: Called Strike
0-1: Ball
1-1: Hit by Pitch
Andy Bachman scores
Chris Redhead to third
Mark Williams to second
Batting: RHB Chris Zamora 0-0: Ball
1-0: Ball
2-0: Called Strike
2-1: Foul Ball, location: 2F
2-2: Foul Ball, location: 2F
2-2: Strikes out swinging
Batting: RHB Ernie Maldonado 0-0: Called Strike
0-1: Swinging Strike
0-2: Ball
1-2: Ball
2-2: Foul Ball, location: 2F
2-2: Foul Ball, location: 2F
2-2: Foul Ball, location: 2F
2-2: Foul Ball, location: 2F
2-2: Strikes out looking
Top of the 1st over - 2 runs, 0 hits, 0 errors, 3 left on base; Dayton 2 - South Bend 0
BOTTOM OF THE 1ST
South Bend Cubs batting - Pitching for Dayton Dragons : RHP Narciso Umbelino
Pitching: RHP Narciso Umbelino
Batting: RHB Andy Huntley 0-0: Ball
1-0: Swinging Strike
1-1: Ball
2-1: Ball
3-1: Foul Ball, location: 2F
3-2: Strikes out swinging
Batting: RHB Taylor Garofalo 0-0: Foul Ball, location: 2F
0-1: Ball
1-1: Foul Ball, location: 2F
1-2: Strikes out swinging
Batting: LHB Kwang-chih Men 0-0: Ball
1-0: Called Strike
1-1: Ball
2-1: Foul Ball, location: 2F
2-2: SOLO HOME RUN (Flyball, 9D, EV 98.8 MPH), Distance : 393 ft
Batting: RHB Roy Battist 0-0: TRIPLE (Line Drive, 78XD, EV 103.8 MPH)
Batting: RHB Puluke Konane 0-0: Called Strike
0-1: Foul Ball, location: 2F
0-2: Ball
1-2: Ball
2-2: Foul Ball, location: 2F
2-2: Fly out, F7 (Flyball, 78M, EV 88.8 MPH)
Bottom of the 1st over - 1 run, 2 hits, 0 errors, 1 left on base; Dayton 2 - South Bend 1
TOP OF THE 2ND
Dayton Dragons batting - Pitching for South Bend Cubs : RHP Melvin Orengo
Batting: RHB Yutaka Sato 0-0: Hit by Pitch
Batting: LHB Matt Kennedy 0-0: Ball
1-0: Ball
2-0: Ball
3-0: Base on Balls
Yutaka Sato to second
Batting: LHB Leo Gomez 0-0: Ball
1-0: Called Strike
1-1: Swinging Strike
1-2: Foul Ball, location: 2F
1-2: Foul Ball, location: 2F
1-2: Foul Ball, location: 2F
1-2: Fly out, F7 (Line Drive, 7D, EV 86.9 MPH)
Batting: RHB Andy Bachman 0-0: Ball
1-0: Foul Ball, location: 2F
1-1: Ball
2-1: Grounds into double play, 5-4-3 (Groundball, 56, EV 87.5 MPH)
Top of the 2nd over - 0 runs, 0 hits, 0 errors, 1 left on base; Dayton 2 - South Bend 1
BOTTOM OF THE 2ND
South Bend Cubs batting - Pitching for Dayton Dragons : RHP Narciso Umbelino
Batting: RHB Denis Rachin 0-0: Swinging Strike
0-1: Hit by Pitch
Batting: LHB Adam Conover 0-0: SINGLE (Groundball, 4MD, EV 97.5 MPH)
Denis Rachin to second
Runner from 2nd tries for 3rd, SAFE, throw by CF made to third
Batting: RHB Juan Bonilla 0-0: Ball
1-0: Ball
2-0: Fly out, F7 (Flyball, 7LS, EV 84.4 MPH)
Batting: RHB Hugo Torrez 0-0: Ball
1-0: Ball
2-0: SINGLE (Groundball, 6M, EV 96.2 MPH) (infield hit)
Denis Rachin scores
Adam Conover to second
Batting: RHB Andy Huntley 0-0: Foul Ball, location: 2F
0-1: Called Strike
0-2: Foul Ball, location: 2F
0-2: Fly out, F8 (Flyball, 8RD, EV 93.1 MPH)
Batting: RHB Taylor Garofalo 0-0: Called Strike
0-1: Called Strike
0-2: Strikes out swinging
Bottom of the 2nd over - 1 run, 2 hits, 0 errors, 2 left on base; Dayton 2 - South Bend 2
TOP OF THE 3RD
Dayton Dragons batting - Pitching for South Bend Cubs : RHP Melvin Orengo
Batting: LHB Chris Redhead 0-0: Called Strike
0-1: Ball
1-1: Called Strike
1-2: Ball
2-2: Ball
3-2: Base on Balls
Batting: RHB Mark Williams 0-0: Fly out, F7 (Line Drive, 7S, EV 107.5 MPH)
Batting: LHB Ray Walden 0-0: Grounds into double play, 4-6-3 (Groundball, 4, EV 91.9 MPH)
Top of the 3rd over - 0 runs, 0 hits, 0 errors, 0 left on base; Dayton 2 - South Bend 2
BOTTOM OF THE 3RD
South Bend Cubs batting - Pitching for Dayton Dragons : RHP Narciso Umbelino
Batting: LHB Kwang-chih Men 0-0: Ball
1-0: Foul Ball, location: 2F
1-1: Ball
2-1: Foul Ball, location: 2F
2-2: Ball
3-2: Strikes out looking
Batting: RHB Roy Battist 0-0: Ball
1-0: Called Strike
1-1: Ball
2-1: TRIPLE (Flyball, 9LD, EV 95.6 MPH)
Batting: RHB Puluke Konane 0-0: Fly out, F8 (Flyball, 8RM, EV 83.1 MPH)
Batting: RHB Denis Rachin 0-0: Swinging Strike
0-1: Swinging Strike
0-2: Ball
1-2: Ground out 5-3 (Groundball, 56, EV 105.0 MPH)
Bottom of the 3rd over - 0 runs, 1 hit, 0 errors, 1 left on base; Dayton 2 - South Bend 2
TOP OF THE 4TH
Dayton Dragons batting - Pitching for South Bend Cubs : RHP Melvin Orengo
Batting: RHB Chris Zamora 0-0: Foul Ball, location: 2F
0-1: Ball
1-1: Ground out 4-3 (Groundball, 4, EV 80.6 MPH)
Batting: RHB Ernie Maldonado 0-0: Ball
1-0: Called Strike
1-1: Foul Ball, location: 2F
1-2: Fly out, F9 (Flyball, 9, EV 78.1 MPH)
Batting: RHB Yutaka Sato 0-0: Ball
1-0: SINGLE (Groundball, 4MS, EV 73.1 MPH) (infield hit)
Batting: LHB Matt Kennedy 0-0: Ball
1-0: Ball
2-0: Ball
3-0: Foul Ball, location: 2F
3-1: Foul Ball, location: 2F
3-2: Foul Ball, location: 2F
3-2: Ground out 6-3 (Groundball, 4M, EV 85.6 MPH)
Top of the 4th over - 0 runs, 1 hit, 0 errors, 1 left on base; Dayton 2 - South Bend 2
BOTTOM OF THE 4TH
South Bend Cubs batting - Pitching for Dayton Dragons : RHP Narciso Umbelino
Batting: LHB Adam Conover 0-0: Called Strike
0-1: Ball
1-1: Ball
2-1: Called Strike
2-2: Foul Ball, location: 2F
2-2: Foul Ball, location: 2F
2-2: Ground out 5-3 (Groundball, 56, EV 83.8 MPH)
Now at 3B: Travis Petrick
Batting: RHB Juan Bonilla 0-0: Ball
1-0: Ground out U3 (Groundball, 3, EV 98.8 MPH)
Batting: RHB Hugo Torrez 0-0: Ball
1-0: Foul Ball, location: 2F
1-1: Ball
2-1: Ground out 6-3 (Groundball, 6MD, EV 101.2 MPH)
Bottom of the 4th over - 0 runs, 0 hits, 0 errors, 0 left on base; Dayton 2 - South Bend 2
TOP OF THE 5TH
Dayton Dragons batting - Pitching for South Bend Cubs : RHP Melvin Orengo
Pitching: LHP Tom Mooney
Batting: LHB Leo Gomez 0-0: Ball
1-0: Ball
2-0: Fly out, F8 (Flyball, 8RD, EV 86.2 MPH)
Batting: RHB Andy Bachman 0-0: Foul Ball, location: 2F
0-1: Swinging Strike
0-2: Ball
1-2: Ball
2-2: Strikes out swinging
Batting: LHB Chris Redhead 0-0: Called Strike
0-1: Ball
1-1: Swinging Strike
1-2: Foul Ball, location: 2F
1-2: Foul Ball, location: 2F
1-2: Ball
2-2: Fly out, F6 (Line Drive, 6, EV 69.4 MPH)
Top of the 5th over - 0 runs, 0 hits, 0 errors, 0 left on base; Dayton 2 - South Bend 2
BOTTOM OF THE 5TH
South Bend Cubs batting - Pitching for Dayton Dragons : RHP Narciso Umbelino
Batting: RHB Andy Huntley 0-0: Ball
1-0: Ball
2-0: Called Strike
2-1: Ball
3-1: Swinging Strike
3-2: Ground out 5-3 (Groundball, 56, EV 86.2 MPH)
Batting: RHB Taylor Garofalo 0-0: Ball
1-0: Ball
2-0: Called Strike
2-1: Foul Ball, location: 2F
2-2: Ball
3-2: Foul Ball, location: 2F
3-2: Foul Ball, location: 2F
3-2: Foul Ball, location: 2F
3-2: SINGLE (Flyball, 8RS, EV 98.8 MPH)
Batting: LHB Kwang-chih Men 0-0: Called Strike
0-1: Foul Ball, location: 2F
0-2: Fielders Choice at 2nd, 4-6 (Groundball, 4, EV 85.6 MPH)
Batting: RHB Roy Battist 0-0: Called Strike
0-1: Swinging Strike
0-2: Ball
1-2: Ball
2-2: Ball
3-2: Strikes out looking
Bottom of the 5th over - 0 runs, 1 hit, 0 errors, 1 left on base; Dayton 2 - South Bend 2
TOP OF THE 6TH
Dayton Dragons batting - Pitching for South Bend Cubs : LHP Tom Mooney
Batting: RHB Mark Williams 0-0: SINGLE (Groundball, 34S, EV 71.9 MPH) (infield hit)
Pinch Hitting: RHB Juan Zamora 0-0: Ball
1-0: SINGLE (Groundball, 4MD, EV 102.5 MPH)
Mark Williams to second
Runner from 2nd tries for 3rd, SAFE, throw by CF made to third
Batting: RHB Travis Petrick 0-0: Fielders Choice at 2nd, 6-4 (Groundball, 6, EV 91.2 MPH)
Mark Williams scores
Batting: RHB Ernie Maldonado 0-0: Ball
1-0: Fielders Choice at 2nd, 4-6 (Groundball, 4, EV 86.9 MPH)
Batting: RHB Yutaka Sato 0-0: Ball
Ernie Maldonado is caught stealing 2nd base 2-4
Top of the 6th over - 1 run, 2 hits, 0 errors, 0 left on base; Dayton 3 - South Bend 2
BOTTOM OF THE 6TH
South Bend Cubs batting - Pitching for Dayton Dragons : RHP Narciso Umbelino
Now at 1B: Mark Williams
Now at 2B: Yutaka Sato
Now at SS: Juan Zamora
Batting: RHB Puluke Konane 0-0: Called Strike
0-1: Ball
1-1: Ball
2-1: Ball
3-1: Base on Balls
Pitching: RHP Jalen Patterson
Batting: RHB Denis Rachin 0-0: Ball
Puluke Konane steals 2nd base
1-0: Ball
2-0: Called Strike
2-1: SINGLE (Groundball, 56D, EV 101.2 MPH)
Puluke Konane to third
Batting: LHB Adam Conover 0-0: Called Strike
0-1: Called Strike
0-2: Ball
1-2: Ball
2-2: Strikes out swinging
Batting: RHB Juan Bonilla 0-0: Fly out, F8 (Line Drive, 78S, EV 93.8 MPH)
Runner from 3rd tags up, SCORES, throw by CF
Batting: RHB Hugo Torrez 0-0: Foul Ball, location: 2F
0-1: Ball
1-1: Ball
2-1: Fly out, F6 (Popup, 56, EV 58.1 MPH)
Bottom of the 6th over - 1 run, 1 hit, 0 errors, 1 left on base; Dayton 3 - South Bend 3
TOP OF THE 7TH
Dayton Dragons batting - Pitching for South Bend Cubs : LHP Tom Mooney
Batting: RHB Yutaka Sato 0-0: Ball
1-0: Foul Ball, location: 2F
1-1: Ball
2-1: Ball
3-1: Foul Ball, location: 2F
3-2: Ground out 5-3 (Groundball, 56, EV 84.4 MPH)
Batting: LHB Matt Kennedy 0-0: Ground out 4-3 (Groundball, 4, EV 105.0 MPH)
Batting: LHB Leo Gomez 0-0: Ground out 4-3 (Groundball, 4, EV 86.2 MPH)
Top of the 7th over - 0 runs, 0 hits, 0 errors, 0 left on base; Dayton 3 - South Bend 3
BOTTOM OF THE 7TH
South Bend Cubs batting - Pitching for Dayton Dragons : RHP Jalen Patterson
Batting: RHB Andy Huntley 0-0: Called Strike
0-1: Ball
1-1: Ball
2-1: Foul Ball, location: 2F
2-2: Ball
3-2: Strikes out swinging
Batting: RHB Taylor Garofalo 0-0: Ball
1-0: Swinging Strike
1-1: Swinging Strike
1-2: Ball
2-2: Foul Ball, location: 2F
2-2: Foul Ball, location: 2F
2-2: Foul Ball, location: 2F
2-2: Ball
3-2: Strikes out swinging
Batting: LHB Kwang-chih Men 0-0: Ground out U3 (Groundball, 3, EV 104.4 MPH)
Bottom of the 7th over - 0 runs, 0 hits, 0 errors, 0 left on base; Dayton 3 - South Bend 3
TOP OF THE 8TH
Dayton Dragons batting - Pitching for South Bend Cubs : LHP Tom Mooney
Pitching: RHP Eric Allen
Batting: RHB Andy Bachman 0-0: Ball
1-0: Foul Ball, location: 2F
1-1: Ball
2-1: Ball
3-1: Called Strike
3-2: Reached on error, E5 (Groundball, 5S, EV 85.6 MPH)
Batting: LHB Chris Redhead 0-0: Intentional Walk
Batting: RHB Mark Williams 0-0: Ball
1-0: Fly out, F7 (Flyball, 7S, EV 75.6 MPH)
Batting: RHB Juan Zamora 0-0: Called Strike
0-1: Foul Ball, location: 2F
0-2: Strikes out swinging
Pinch Hitting: LHB Jeremy Robertson 0-0: Called Strike
0-1: Ball
1-1: Ball
2-1: Ball
3-1: SINGLE (Line Drive, 89S, EV 95.6 MPH)
Andy Bachman to third
Chris Redhead to second
Runner from 3rd tries for Home, SAFE, throw by RF to home
Batting: RHB Ernie Maldonado 0-0: Ball
Wild Pitch!
Chris Redhead to third
Jeremy Robertson to second
1-0: Swinging Strike
1-1: Swinging Strike
1-2: Strikes out swinging
Top of the 8th over - 1 run, 1 hit, 1 error, 2 left on base; Dayton 4 - South Bend 3
BOTTOM OF THE 8TH
South Bend Cubs batting - Pitching for Dayton Dragons : RHP Jalen Patterson
Pitching: RHP Ken Armstrong
Now at 2B: Jeremy Robertson
Now at 3B: Yutaka Sato
Batting: RHB Roy Battist 0-0: Ball
1-0: Called Strike
1-1: Swinging Strike
1-2: Foul Ball, location: 2F
1-2: Ball
2-2: Ball
3-2: Ground out 6-3 (Groundball, 56, EV 91.2 MPH)
Batting: RHB Puluke Konane 0-0: Ball
1-0: Ball
2-0: Called Strike
2-1: Fly out, F8 (Flyball, 8LD, EV 91.2 MPH)
Batting: RHB Denis Rachin 0-0: Ball
1-0: Ball
2-0: Ball
3-0: Called Strike
3-1: Called Strike
3-2: Fly out, F7 (Flyball, 7D, EV 78.1 MPH)
Bottom of the 8th over - 0 runs, 0 hits, 0 errors, 0 left on base; Dayton 4 - South Bend 3
TOP OF THE 9TH
Dayton Dragons batting - Pitching for South Bend Cubs : RHP Eric Allen
Batting: RHB Yutaka Sato 0-0: Called Strike
0-1: Foul Ball, location: 2F
0-2: Strikes out swinging
Batting: LHB Matt Kennedy 0-0: Foul Ball, location: 2F
0-1: Ball
1-1: Ground out 6-3 (Groundball, 4MD, EV 87.5 MPH)
Batting: LHB Leo Gomez 0-0: Ball
1-0: Swinging Strike
1-1: Foul Ball, location: 2F
1-2: Strikes out swinging, 2-3 out at first.
Top of the 9th over - 0 runs, 0 hits, 0 errors, 0 left on base; Dayton 4 - South Bend 3
BOTTOM OF THE 9TH
South Bend Cubs batting - Pitching for Dayton Dragons : RHP Ken Armstrong
Now in RF: Tim Kirk
Batting: LHB Adam Conover 0-0: Ball
1-0: Swinging Strike
1-1: Fly out, F9 (Flyball, 9D, EV 106.9 MPH)
Batting: RHB Juan Bonilla 0-0: Ball
1-0: Ball
2-0: Fly out, F3 (Popup, 3F, EV 60.0 MPH)
Batting: RHB Hugo Torrez 0-0: Ball
1-0: Swinging Strike
1-1: Ground out 6-3 (Groundball, 6, EV 105.6 MPH)
Bottom of the 9th over - 0 runs, 0 hits, 0 errors, 0 left on base; Dayton 4 - South Bend 3
Tuesday, March 28th , 2023 - OOTP Baseball 23.10 Build 110